[Event "Titled Tuesday Blitz April 05 Early 2022"]
[White "Saim, Mohamed Ilias"]
[Black "Silvestre, Christian"]
[WhiteFideId "7900465"]
[BlackFideId "30956269"]
[WhiteElo "2006"]
[BlackElo "2401"]
[Result "0-1"]
[Round "10"]
[TimeControl "180+1"]
[Date "2022.04.05"]
[WhiteClock "0:00:03"]
[BlackClock "0:00:51"]

1. d4 Nf6 2. Nf3 d6 3. e3 Nbd7 4. c4 e5 5. Be2 Be7 6. O-O O-O 7. Nc3 c6 8. b4 Re8 9. a4 Bf8 10. b5 e4 11. Nd2 d5 12. a5 a6 13. cxd5 cxd5 14. Qb3 Nb8 15. Ba3 Bxa3 16. Rxa3 h5 17. Rc1 h4 18. h3 g5 19. Na4 g4 20. Nb6 Be6 21. Nxa8 gxh3 22. Nb6 Kh7 23. bxa6 bxa6 24. Qd1 Rg8 25. g3 hxg3 26. fxg3 Rxg3+ 27. Kh1 Qd6 28. Nf1 Rg2 29. Rac3 Ng4 30. Bxg4 Bxg4 31. Qe1 Bf3 32. Qh4+ Kg7 33. Qf4 Rg4+ 34. Kh2 Rxf4 35. exf4 Qxf4+ 36. Kxh3 Qh4+ 0-1


[Site "https://www.chess.com"]

[Event "Titled Tuesday Blitz April 05 Early 2022"]
[White "Seemann, Jakub"]
[Black "Shtyka, Sergey"]
[WhiteFideId "21874697"]
[BlackFideId "4138465"]
[WhiteElo "2003"]
[BlackElo "2014"]
[Result "1-0"]
[Round "10"]
[TimeControl "180+1"]
[Date "2022.04.05"]
[WhiteClock "0:01:51"]
[BlackClock "0:00:03"]

1. c4 c5 2. Nc3 Nc6 3. g3 g6 4. Bg2 Bg7 5. Nf3 Nf6 6. O-O O-O 7. b3 d6 8. Bb2 Bd7 9. d4 cxd4 10. Nxd4 Nxd4 11. Qxd4 Qc8 12. Rad1 Bh3 13. Nd5 Re8 14. e4 Bxg2 15. Kxg2 Nh5 16. Qd2 Bxb2 17. Qxb2 Qg4 18. f3 Qd7 19. e5 Rad8 20. Rfe1 e6 21. Ne3 Qc6 22. Ng4 d5 23. cxd5 Rxd5 24. Nh6+ Kg7 25. Ng4 Red8 26. Rxd5 Qxd5 27. Re2 Qd1 28. Nf6 Rc8 29. Nxh5+ gxh5 30. Rd2 Qe1 31. Qd4 Rc1 32. Kh3 h6 33. Qf4 Rc8 34. Rd7 Rf8 35. Qf6+ Kg8 36. Kh4 Qf2 37. h3 Qe3 38. Kxh5 a5 39. g4 b5 40. h4 a4 41. f4 axb3 42. Kxh6 Qg3 43. Qg7# 1-0


[Site "https://www.chess.com"]

[Event "Titled Tuesday Blitz April 05 Early 2022"]
[White "Simonovic, Miroslav"]
[Black "Kostina, Nadezhda"]
[WhiteFideId "919152"]
[BlackFideId "4195876"]
[WhiteElo "2043"]
[BlackElo "1982"]
[Result "0-1"]
[Round "10"]
[TimeControl "180+1"]
[Date "2022.04.05"]
[WhiteClock "0:00:02"]
[BlackClock "0:00:09"]

1. d4 Nf6 2. Bg5 g6 3. Bxf6 exf6 4. c4 Bg7 5. Nc3 O-O 6. g3 d6 7. Bg2 Nc6 8. e3 f5 9. Nge2 Ne7 10. b4 c6 11. O-O g5 12. a4 Ng6 13. b5 f4 14. exf4 gxf4 15. bxc6 bxc6 16. Bxc6 Bh3 17. Bg2 Bxg2 18. Kxg2 f3+ 19. Kxf3 Qc8 20. Qd3 Qh3 21. Ng1 Qxh2 22. Ke2 Rab8 23. Rab1 Rfe8+ 24. Kd2 Bh6+ 25. Kc2 Qh5 26. f4 Qa5 27. Nge2 Rxb1 28. Rxb1 Ne7 29. Rb5 Qa6 30. g4 Nc6 31. Kd1 Bg7 32. Rg5 h6 33. Rd5 Qb6 34. Rxd6 Qb3+ 35. Qc2 Qxc4 36. d5 Nb4 37. Qd2 Nd3 0-1


[Site "https://www.chess.com"]

[Event "Titled Tuesday Blitz April 05 Early 2022"]
[White "Skliarov, Viktor"]
[Black "Shukhman, Anna"]
[WhiteFideId "14106736"]
[BlackFideId "54180058"]
[WhiteElo "2229"]
[BlackElo "1665"]
[Result "1-0"]
[Round "10"]
[TimeControl "180+1"]
[Date "2022.04.05"]
[WhiteClock "0:00:31"]
[BlackClock "0:01:38"]

1. e4 c5 2. Nf3 e6 3. c3 Nf6 4. Bd3 d5 5. e5 Nfd7 6. Bc2 Nc6 7. d4 Qb6 8. a3 c4 9. O-O Na5 10. Ng5 Be7 11. Qh5 g6 12. Qh6 Bf8 13. Qh3 h6 14. Nd2 Be7 15. Ndf3 Nf8 16. Rb1 Bd7 17. Be3 O-O-O 18. Nxf7 Nh7 19. Nxh8 Rxh8 20. Qxh6 Qd8 21. Qf4 g5 22. Qg4 Nf8 23. Bxg5 Bxg5 24. Qxg5 Qb6 25. Qg7 1-0


[Site "https://www.chess.com"]

[Event "Titled Tuesday Blitz April 05 Early 2022"]
[White "Sovetbekova, Nurai"]
[Black "Rodchenkov, Sergey D."]
[WhiteFideId "13801910"]
[BlackFideId "4168712"]
[WhiteElo "1538"]
[BlackElo "2306"]
[Result "0-1"]
[Round "10"]
[TimeControl "180+1"]
[Date "2022.04.05"]
[WhiteClock "0:01:04"]
[BlackClock "0:02:15"]

1. d4 Nf6 2. c4 e6 3. g3 b6 4. Bg2 c6 5. Nc3 Ba6 6. b3 d5 7. cxd5 cxd5 8. Nf3 Bd6 9. O-O Nbd7 10. Bb2 O-O 11. Rc1 b5 12. Re1 b4 13. Na4 Ne4 14. Nd2 f5 15. f3 Nxd2 16. Qxd2 f4 17. Bh3 fxg3 18. Bxe6+ Kh8 19. hxg3 Bxg3 20. Red1 Bf4 21. e3 Qg5+ 22. Kf2 Qg3# 0-1


[Site "https://www.chess.com"]

[Event "Titled Tuesday Blitz April 05 Early 2022"]
[White "Terletsky, Oleg"]
[Black "Noboa Silva, Kevin"]
[WhiteFideId "14116774"]
[BlackFideId "3618471"]
[WhiteElo "2064"]
[BlackElo "2172"]
[Result "0-1"]
[Round "10"]
[TimeControl "180+1"]
[Date "2022.04.05"]
[WhiteClock "0:01:06"]
[BlackClock "0:01:16"]

1. e4 e6 2. d4 d5 3. Nd2 a6 4. Bd3 c5 5. dxc5 Bxc5 6. Ngf3 Nf6 7. Qe2 Nc6 8. c3 O-O 9. O-O Re8 10. Rd1 Bd7 11. b4 Bb6 12. a3 Ng4 13. Bb2 Nxf2 14. Qxf2 Bxf2+ 15. Kxf2 Qf6 16. Rab1 Ne5 17. Be2 Ng4+ 18. Kg1 Qh6 19. Nf1 dxe4 20. Rxd7 exf3 21. Bxf3 Ne5 22. Rxb7 Nxf3+ 23. gxf3 Rad8 24. c4 Rd3 25. c5 Rxf3 26. Rd1 Qg6+ 27. Ng3 Rxg3+ 28. hxg3 Qxg3+ 29. Kf1 Qf3+ 30. Ke1 Qxb7 0-1


[Site "https://www.chess.com"]

[Event "Titled Tuesday Blitz April 05 Early 2022"]
[White "Tsyhanchuk, Stanislav"]
[Black "Gracia Alvarez, Gerardo Antonio"]
[WhiteFideId "13505130"]
[BlackFideId "5109124"]
[WhiteElo "2078"]
[BlackElo "2139"]
[Result "0-1"]
[Round "10"]
[TimeControl "180+1"]
[Date "2022.04.05"]
[WhiteClock "0:00:14"]
[BlackClock "0:00:06"]

1. d4 d5 2. c4 e6 3. Nc3 a6 4. cxd5 exd5 5. Nf3 c6 6. Bf4 Bd6 7. Bg5 Be7 8. h4 Bf5 9. e3 Nf6 10. Bd3 Bxd3 11. Qxd3 Nbd7 12. h5 h6 13. Bf4 Bb4 14. Ne5 Nxe5 15. dxe5 Ne4 16. f3 Nxc3 17. bxc3 Be7 18. O-O O-O 19. c4 dxc4 20. Qxc4 Qc8 21. Rab1 b5 22. Qe4 Qe6 23. Rfc1 c5 24. Bg3 Rab8 25. f4 f5 26. Qf3 Rfd8 27. Bf2 Rd2 28. a4 b4 29. e4 c4 30. exf5 Qxf5 31. g4 Qd3 32. Qxd3 cxd3 33. a5 b3 34. Bb6 b2 35. Rd1 Rxd1+ 36. Rxd1 Rc8 37. Be3 Bc5 38. Kf2 Bxe3+ 39. Kxe3 Rc1 40. Rxd3 b1=Q 41. Rd8+ Kf7 42. f5 Qb3+ 43. Ke4 Rc4+ 44. Kd5 Qd3# 0-1


[Site "https://www.chess.com"]

[Event "Titled Tuesday Blitz April 05 Early 2022"]
[White "Tuleyeva-Aketayeva, Dana"]
[Black "Sebag, Marie"]
[WhiteFideId "13701932"]
[BlackFideId "617822"]
[WhiteElo "1875"]
[BlackElo "2440"]
[Result "0-1"]
[Round "10"]
[TimeControl "180+1"]
[Date "2022.04.05"]
[WhiteClock "0:00:05"]
[BlackClock "0:00:18"]

1. d4 Nf6 2. Nf3 e6 3. g3 b6 4. Bg2 Bb7 5. O-O Be7 6. c4 O-O 7. Nc3 d5 8. Nd2 c5 9. e3 Nbd7 10. b3 cxd4 11. exd4 Rc8 12. Bb2 Re8 13. Re1 h6 14. Rc1 Nf8 15. a3 Ng6 16. b4 h5 17. c5 h4 18. Nb3 Nh7 19. a4 Bg5 20. Ra1 Be7 21. a5 bxc5 22. bxc5 Bc6 23. a6 Rb8 24. Qc2 Ng5 25. Na5 Qc7 26. f4 h3 27. Bh1 Nh7 28. Bf3 Bd7 29. Nb7 Bc8 30. Na5 Nxf4 31. gxf4 Qxf4 32. Bc1 Qxf3 33. Re3 Qg4+ 34. Rg3 Qxd4+ 35. Be3 Qh4 36. Nc6 Ra8 37. Nxe7+ Rxe7 38. c6 d4 39. Nb5 dxe3 40. Qd3 e2 41. Qd8+ Nf8 42. Nd6 Qd4+ 43. Kh1 Qxa1+ 44. Rg1 Qxg1+ 45. Kxg1 e1=Q# 0-1


[Site "https://www.chess.com"]

[Event "Titled Tuesday Blitz April 05 Early 2022"]
[White "Van den Dikkenberg, Erik"]
[Black "Pacheco Lugo, Alejandro Jose"]
[WhiteFideId "1005880"]
[BlackFideId "3903745"]
[WhiteElo "2118"]
[BlackElo "2146"]
[Result "0-1"]
[Round "10"]
[TimeControl "180+1"]
[Date "2022.04.05"]
[WhiteClock "0:01:02"]
[BlackClock "0:00:51"]

1. e4 c5 2. Nc3 d6 3. f4 Nc6 4. Nf3 g6 5. Bb5 Bd7 6. Bxc6 Bxc6 7. O-O Bg7 8. d3 e6 9. Qe1 Ne7 10. Qg3 O-O 11. Bd2 b5 12. Rae1 b4 13. Nd1 f5 14. Ng5 Qd7 15. exf5 Nxf5 16. Qh3 Bd4+ 17. Kh1 Rae8 18. c3 bxc3 19. Bxc3 h6 20. Nf3 Bg7 21. Bxg7 Qxg7 22. Nc3 Re7 23. Re2 Rb8 24. Rfe1 Bxf3 25. gxf3 Nd4 26. Rxe6 Rxe6 27. Rxe6 Nxe6 28. Qxe6+ Kh7 29. Nd5 Rf8 30. Qxd6 Rf5 31. Ne7 Rf6 32. Qxc5 Rxf4 33. Kg2 Qxb2+ 34. Kg3 Qf6 35. Qc7 Rxf3+ 36. Kg2 Rf2+ 37. Kg3 Qf3+ 38. Kh4 g5# 0-1


[Site "https://www.chess.com"]

[Event "Titled Tuesday Blitz April 05 Early 2022"]
[White "Vusatiuk, Vladimir"]
[Black "Samaganova, Aleksandra"]
[WhiteFideId "14118610"]
[BlackFideId "13800221"]
[WhiteElo "2157"]
[BlackElo "1859"]
[Result "1-0"]
[Round "10"]
[TimeControl "180+1"]
[Date "2022.04.05"]
[WhiteClock "0:00:03"]
[BlackClock "0:00:01"]

1. d4 Nf6 2. c4 e6 3. g3 d5 4. Bg2 c6 5. Nd2 Be7 6. Ngf3 O-O 7. O-O b6 8. Qc2 Bb7 9. e4 dxe4 10. Nxe4 Qc8 11. Bg5 Nbd7 12. Nc3 h6 13. Bf4 c5 14. d5 exd5 15. Rfe1 Re8 16. Nb5 Nh5 17. Bd6 Bxd6 18. Nxd6 Rxe1+ 19. Rxe1 Qc7 20. Nxb7 Qxb7 21. cxd5 Rd8 22. Nd2 Qb8 23. Nc4 Nhf6 24. Ne3 Ne5 25. Rd1 Nfd7 26. Nf5 Qc7 27. d6 Qb8 28. Ne7+ Kf8 29. f4 Ng6 30. Nc6 Qa8 31. Nxd8 Qxd8 32. Qe2 Nf6 33. d7 Kg8 34. Bh3 Kh7 35. Qd3 Kg8 36. Qd6 Ne7 37. Re1 Kh7 38. Rxe7 Qa8 39. Bg2 Qd8 40. Rxf7 1-0


[Site "https://www.chess.com"]

[Event "Titled Tuesday Blitz April 05 Early 2022"]
[White "Yushko, Olga"]
[Black "Rodchenkov, Vitaly"]
[WhiteFideId "14114500"]
[BlackFideId "4152964"]
[WhiteElo "2028"]
[BlackElo "2337"]
[Result "1-0"]
[Round "10"]
[TimeControl "180+1"]
[Date "2022.04.05"]
[WhiteClock "0:01:59"]
[BlackClock "0:01:54"]

1. d4 Nf6 2. c4 e6 3. Nc3 Bb4 4. Qc2 c5 5. dxc5 Nc6 6. a3 Bxc5 7. Nf3 O-O 8. g3 b6 9. Bg2 Bb7 10. O-O Be7 11. Rd1 Qc7 12. b4 d6 13. Nb5 Qd7 14. Bb2 a6 15. Nxd6 Bxd6 16. c5 bxc5 17. bxc5 Qc7 18. cxd6 Qd7 19. Ng5 h6 20. Bxf6 hxg5 21. Bxg5 Ne5 22. Bxb7 Qxb7 23. Qc7 Rab8 24. Bf4 Ng6 25. d7 Qxc7 26. Bxc7 Rb7 27. d8=Q Rxd8 28. Rxd8+ Kh7 29. Rc1 Ne5 30. Bxe5 Rb1 31. Rxb1 1-0


[Site "https://www.chess.com"]

[Event "Titled Tuesday Blitz April 05 Early 2022"]
[White "nobodyperfect13"]
[Black "Stanisz, Patryk"]
[BlackFideId "1123106"]
[WhiteElo "1950"]
[BlackElo "1833"]
[Result "0-1"]
[Round "10"]
[TimeControl "180+1"]
[Date "2022.04.05"]
[WhiteClock "0:01:49"]
[BlackClock "0:00:50"]

1. c4 b6 2. Nf3 Ba6 3. g3 g6 4. d3 Bg7 5. Bg2 c6 6. O-O e6 7. Nc3 Ne7 8. b4 Bxc3 9. Rb1 O-O 10. a4 d5 11. b5 Bb7 12. Bh6 Bg7 13. Bxg7 Kxg7 14. Qd2 c5 15. h4 dxc4 16. Qc3+ f6 17. dxc4 e5 18. Ng5 Qc8 19. Bxb7 Qxb7 20. Ne6+ Kf7 21. Nxf8 Kxf8 22. Rfd1 Kf7 23. Rd6 Nd7 24. Rbd1 Nf8 25. Qe3 Nf5 26. Qd2 Nxd6 27. Qxd6 Re8 28. a5 Re7 29. Ra1 Rd7 30. Qc6 Qxc6 31. bxc6 Rc7 32. axb6 axb6 33. Ra8 Rxc6 34. Rb8 h5 35. e4 Ne6 36. Rb7+ Ke8 37. Kg2 Rd6 38. Rb8+ Kd7 39. Rb7+ Kc6 40. Rf7 Nd4 41. Rg7 f5 42. exf5 Nxf5 0-1


[Site "https://www.chess.com"]

[Event "Titled Tuesday Blitz April 05 Early 2022"]
[White "Aaditya Dhingra"]
[Black "Hoffmann, Asa"]
[WhiteFideId "25678191"]
[BlackFideId "2001470"]
[WhiteElo "1849"]
[BlackElo "2117"]
[Result "1-0"]
[Round "11"]
[TimeControl "180+1"]
[Date "2022.04.05"]
[WhiteClock "0:01:20"]
[BlackClock "0:00:47"]

1. c4 Nf6 2. Nc3 d6 3. d4 Bf5 4. g3 e5 5. d5 e4 6. Bh3 Qd7 7. Bg2 h5 8. h3 Na6 9. Bg5 Be7 10. Qd2 c6 11. O-O-O cxd5 12. Bxf6 Bxf6 13. Nxd5 Be5 14. f4 exf3 15. Nxf3 O-O-O 16. Nxe5 dxe5 17. Qe3 Kb8 18. Qxe5+ Ka8 19. e4 Be6 20. Nb6+ axb6 21. Rxd7 Rxd7 22. Rd1 Rhd8 23. Rxd7 Rxd7 24. Bf1 g6 25. a3 Ka7 26. b4 Rc7 27. Kb2 Nb8 28. Qxc7 1-0


[Site "https://www.chess.com"]

[Event "Titled Tuesday Blitz April 05 Early 2022"]
[White "Ambartsumova, Karina"]
[Black "Bettalli, Francesco"]
[WhiteFideId "4166299"]
[BlackFideId "2816453"]
[WhiteElo "2262"]
[BlackElo "2216"]
[Result "1-0"]
[Round "11"]
[TimeControl "180+1"]
[Date "2022.04.05"]
[WhiteClock "0:01:29"]
[BlackClock "0:02:07"]

1. c4 c5 2. Nf3 g6 3. d4 cxd4 4. Nxd4 Nc6 5. e4 Nf6 6. Nc3 d6 7. Be2 Nxd4 8. Qxd4 Bg7 9. O-O O-O 10. Qd1 a5 11. Be3 a4 12. a3 Qa5 13. f4 Nd7 14. Nd5 e6 15. Ne7+ Kh8 16. Qxd6 Rd8 17. Rad1 Bf8 18. Bb6 Qxb6+ 19. Qxb6 Nxb6 20. Rxd8 Kg7 21. Nxc8 Rxc8 22. Rxc8 Nxc8 23. Rd1 Bc5+ 24. Kf1 Nd6 25. Bd3 b6 26. Ke2 Nb7 27. Bc2 Na5 28. Kd3 Nc6 29. Bxa4 Nd4 30. b4 1-0


[Site "https://www.chess.com"]

[Event "Titled Tuesday Blitz April 05 Early 2022"]
[White "Ardila, Oscar Humberto"]
[Black "Kostiukov, Alexandr"]
[WhiteFideId "4404742"]
[BlackFideId "14108100"]
[WhiteElo "1983"]
[BlackElo "2202"]
[Result "0-1"]
[Round "11"]
[TimeControl "180+1"]
[Date "2022.04.05"]
[WhiteClock "0:01:36"]
[BlackClock "0:01:46"]

1. d4 g6 2. c4 Bg7 3. Nc3 d6 4. e4 e5 5. d5 f5 6. Bd3 Nf6 7. Qc2 Na6 8. f3 O-O 9. Nge2 Nb4 10. Qb1 Nxd3+ 11. Qxd3 fxe4 12. Nxe4 Nxe4 13. fxe4 Qh4+ 14. g3 Qh3 15. Be3 Rf3 16. Qd2 Bg4 17. O-O-O Rxe3 18. Qxe3 Bh6 19. Nf4 exf4 20. Qd4 Bxd1 21. Rxd1 fxg3+ 22. Kb1 gxh2 0-1


[Site "https://www.chess.com"]

[Event "Titled Tuesday Blitz April 05 Early 2022"]
[White "Bachmann, Axel"]
[Black "Manukian, Artak"]
[WhiteFideId "3700488"]
[BlackFideId "13301373"]
[WhiteElo "2587"]
[BlackElo "2362"]
[Result "1-0"]
[Round "11"]
[TimeControl "180+1"]
[Date "2022.04.05"]
[WhiteClock "0:00:27"]
[BlackClock "0:00:03"]

1. d4 d6 2. g3 e5 3. d5 h5 4. h4 f5 5. Nh3 Nf6 6. Bg2 a5 7. Bg5 Be7 8. O-O Na6 9. Nd2 Nc5 10. b3 Nh7 11. Bxe7 Qxe7 12. e4 g6 13. Qe2 f4 14. gxf4 Qxh4 15. Nf3 Qg4 16. fxe5 dxe5 17. Rfe1 Nd7 18. Qb5 O-O 19. Re3 Nhf6 20. Nfg5 1-0


[Site "https://www.chess.com"]

[Event "Titled Tuesday Blitz April 05 Early 2022"]
[White "Buscar, Michael"]
[Black "Postnikov, Daniil"]
[WhiteFideId "2603616"]
[BlackFideId "4166329"]
[WhiteElo "2010"]
[BlackElo "2261"]
[Result "0-1"]
[Round "11"]
[TimeControl "180+1"]
[Date "2022.04.05"]
[WhiteClock "0:00:06"]
[BlackClock "0:00:24"]

1. Nf3 Nf6 2. g3 g6 3. Bg2 Bg7 4. O-O O-O 5. c4 c5 6. d3 Nc6 7. Nc3 d5 8. cxd5 Nxd5 9. Bd2 Nc7 10. Qc1 b6 11. Bh6 Bb7 12. Bxg7 Kxg7 13. Qg5 Ne6 14. Qh4 Qd7 15. Ne4 f6 16. Rac1 Rac8 17. Rfe1 Rfd8 18. Bh3 Ncd4 19. Nxd4 cxd4 20. Nd2 Qd5 21. f3 Rxc1 22. Rxc1 Ng5 23. Rc7 Qe5 24. Rxb7 Qxe2 25. Bg2 Qxd2 26. Rxe7+ Kf8 27. Rxa7 Qe3+ 28. Kf1 Qxd3+ 29. Kf2 Qe3+ 30. Kf1 Rc8 31. Qh6+ Ke8 32. Bh3 Rc1+ 33. Kg2 Rg1# 0-1


[Site "https://www.chess.com"]

[Event "Titled Tuesday Blitz April 05 Early 2022"]
[White "Cagara, Paulina"]
[Black "Avazkhonov, Alikhon"]
[WhiteFideId "1124870"]
[BlackFideId "14208504"]
[WhiteElo "1780"]
[BlackElo "1739"]
[Result "1/2-1/2"]
[Round "11"]
[TimeControl "180+1"]
[Date "2022.04.05"]
[WhiteClock "0:00:05"]
[BlackClock "0:00:03"]

1. e4 c5 2. Nc3 d6 3. g3 Nc6 4. Bg2 g6 5. Nge2 Bg7 6. O-O e5 7. d3 Nge7 8. f4 O-O 9. h3 Be6 10. g4 f5 11. gxf5 gxf5 12. fxe5 dxe5 13. Bg5 f4 14. Kh1 Nd4 15. Nxd4 cxd4 16. Nd5 Bxd5 17. exd5 Qd6 18. Bxe7 Qxe7 19. c4 Qh4 20. Qg4 Qxg4 21. hxg4 Rf6 22. Be4 Bf8 23. g5 Rb6 24. b3 Be7 25. Rg1 Kh8 26. Rg2 Rg8 27. Rag1 Bxg5 28. Rh2 h6 29. Rg4 Be7 30. Rxg8+ Kxg8 31. Rg2+ Kf7 32. Bh7 a5 33. Bg8+ Kf8 34. Be6 Bh4 35. Rg8+ Ke7 36. Rg7+ Kf6 37. Rf7+ Kg6 38. Kg2 a4 39. c5 axb3 40. axb3 Rxb3 41. d6 Rxd3 42. Rf8 Rg3+ 43. Kh2 Rc3 44. d7 Rxc5 45. d8=Q Bxd8 46. Rxd8 b5 47. Bg4 h5 48. Rd6+ Kg5 49. Bd1 e4 50. Kg2 d3 51. Kf2 e3+ 52. Kf3 d2 53. Be2 b4 54. Rd8 b3 55. Rg8+ Kh4 56. Kxf4 Rc1 57. Kxe3 b2 58. Rh8 b1=Q 59. Rxh5+ Kg3 60. Rg5+ Kh3 61. Rh5+ Kg2 62. Rg5+ Kh2 63. Rh5+ Kg1 64. Rg5+ Kh1 65. Rh5+ Kg1 66. Rg5+ Kh2 67. Rh5+ Kg3 68. Rg5+ Kh4 69. Rh5+ Kg3 1/2-1/2


[Site "https://www.chess.com"]

[Event "Titled Tuesday Blitz April 05 Early 2022"]
[White "Chen, Qi b"]
[Black "Pinheiro, Iung Alicio de O."]
[WhiteFideId "8614733"]
[BlackFideId "2104350"]
[WhiteElo "2432"]
[BlackElo "2531"]
[Result "0-1"]
[Round "11"]
[TimeControl "180+1"]
[Date "2022.04.05"]
[WhiteClock "0:00:04"]
[BlackClock "0:00:06"]

1. e4 c5 2. Nf3 Nc6 3. Bb5 e6 4. Bxc6 bxc6 5. d3 Ne7 6. Nbd2 Ng6 7. h4 h5 8. e5 Qc7 9. Qe2 f6 10. Nc4 Ba6 11. Qe4 Kf7 12. Bf4 Bxc4 13. dxc4 d5 14. exd6 Bxd6 15. Bxd6 Qxd6 16. Rd1 Qc7 17. O-O Rhe8 18. Qe3 Qb6 19. b3 Rad8 20. g3 e5 21. Nd2 Ne7 22. Ne4 Nf5 23. Qf3 g6 24. Kg2 Rd4 25. Rde1 Qa5 26. a4 Red8 27. Rh1 Rd2 28. Nxd2 Rxd2 29. Qxc6 Qc3 30. Qb7+ Ke6 31. Rhf1 Qxg3+ 32. Kh1 Rxf2 33. Qc6+ Kf7 34. Qc7+ Kg8 35. Qc8+ Kg7 36. Qc7+ Kh6 37. Rxf2 Qxf2 38. Rg1 Qxh4+ 39. Kg2 Qe4+ 40. Kh2 Qf4+ 41. Kh1 Qf3+ 42. Kh2 Qf2+ 43. Rg2 Qh4+ 44. Kg1 Qe1+ 45. Kh2 Ne3 46. Qxc5 Nf1+ 47. Kg1 Ne3+ 48. Kh2 Qh4+ 49. Kg1 Nxg2 50. Kxg2 Qg4+ 51. Kf2 Qf4+ 52. Kg2 Qe4+ 53. Kh3 Qxc2 54. Qd6 Kg5 55. c5 Qxb3+ 56. Kg2 Kg4 57. c6 Qc2+ 58. Kg1 Kg3 59. Kf1 Qf2# 0-1


[Site "https://www.chess.com"]

[Event "Titled Tuesday Blitz April 05 Early 2022"]
[White "Chincholimath, Halsagar"]
[Black "Politov, Pavel Y."]
[WhiteFideId "5022487"]
[BlackFideId "24110515"]
[WhiteElo "1737"]
[BlackElo "2090"]
[Result "1-0"]
[Round "11"]
[TimeControl "180+1"]
[Date "2022.04.05"]
[WhiteClock "0:00:19"]
[BlackClock "0:00:03"]

1. e4 c5 2. c3 Nf6 3. e5 Nd5 4. d4 cxd4 5. cxd4 d6 6. exd6 Qxd6 7. Nf3 e6 8. Be2 Be7 9. O-O Nc6 10. Nc3 O-O 11. Ne4 Qd8 12. Be3 Nf6 13. Nc5 b6 14. Nd3 Bb7 15. h3 Nb4 16. Nxb4 Bxb4 17. Ne5 Bd6 18. a4 Nd7 19. Bf4 Qe7 20. Bd3 Rfd8 21. Qh5 g6 22. Qh6 Qf8 23. Qh4 Be7 24. Qg3 Bf6 25. Rad1 Nxe5 26. dxe5 Be7 27. Qe3 Bc5 28. Qc1 Rac8 29. Qb1 Qe7 30. Be4 Bxe4 31. Qxe4 Rxd1 32. Rxd1 Rd8 33. Rf1 Rd4 34. Qa8+ Kg7 35. Qf3 Rxa4 36. Qg3 Rc4 37. Bg5 Qd7 38. Bf6+ Kg8 39. Qg5 Bf8 40. Qe3 Bg7 41. Qb3 Rc8 42. Rd1 Bxf6 43. Rxd7 Bxe5 44. Qf3 Rc1+ 45. Rd1 Rc2 46. Qe4 Rxb2 47. Qxe5 1-0


[Site "https://www.chess.com"]

[Event "Titled Tuesday Blitz April 05 Early 2022"]
[White "Coto Mederos, Michel"]
[Black "Madaminov, Mukhiddin"]
[WhiteFideId "3508528"]
[BlackFideId "14210703"]
[WhiteElo "2427"]
[BlackElo "1916"]
[Result "1-0"]
[Round "11"]
[TimeControl "180+1"]
[Date "2022.04.05"]
[WhiteClock "0:00:06"]
[BlackClock "0:00:04"]

1. c4 e5 2. Nc3 Nc6 3. g3 Bc5 4. Bg2 d6 5. e3 a6 6. Nge2 Ba7 7. b3 Nf6 8. Bb2 Bf5 9. d3 h5 10. h3 Qd7 11. Nd5 Nxd5 12. cxd5 Ne7 13. d4 f6 14. Qd2 O-O-O 15. e4 Bg6 16. O-O-O Kb8 17. f4 exf4 18. gxf4 Rc8 19. f5 Bf7 20. Kb1 g6 21. fxg6 Bxg6 22. Nf4 Bh7 23. Ka1 c6 24. dxc6 Nxc6 25. Nxh5 Qf7 26. Nf4 Rhg8 27. Rhf1 Qg7 28. Bh1 Rge8 29. Nh5 Qe7 30. Nxf6 Rf8 31. Nxh7 Qxh7 32. e5 Rxf1 33. Rxf1 dxe5 34. dxe5 Qxh3 35. Re1 Qe6 36. Bd5 Rd8 37. Bxe6 Rxd2 38. Bg4 Nd4 39. e6 Bc5 40. e7 Bxe7 41. Rxe7 Nc2+ 42. Kb1 Nb4 43. Bc3 Rxa2 44. Bxb4 Rf2 45. Re4 Kc7 46. Bc3 Kc6 47. Be2 Kd5 48. Re5+ Kc6 49. Re3 Rf4 50. Bf3+ Kb6 51. Kc2 a5 52. Be4 Ka6 53. Bd5 b6 54. Bc4+ Kb7 55. Bb5 Rf7 56. Re6 Rc7 57. Kd3 Rc5 58. Be8 Rd5+ 59. Bd4 Rd8 60. Bb5 a4 61. Rxb6+ Ka8 62. bxa4 Rg8 63. Re6 Rc8 64. Bc6+ Kb8 65. Be5+ Ka7 66. Bd4+ Kb8 67. Bb5 Rd8 68. Re8 Kc7 69. Rxd8 Kb7 70. Rd7+ Ka8 71. Rg7 Kb8 72. Rh7 Ka8 73. Bc4 Kb8 74. Bd5 Kc8 75. Bb6 Kb8 76. Rh8# 1-0


[Site "https://www.chess.com"]

[Event "Titled Tuesday Blitz April 05 Early 2022"]
[White "Dang, Hoang Son"]
[Black "Mickiewicz, Piotr"]
[WhiteFideId "12402435"]
[BlackFideId "1114891"]
[WhiteElo "2252"]
[BlackElo "2266"]
[Result "1-0"]
[Round "11"]
[TimeControl "180+1"]
[Date "2022.04.05"]
[WhiteClock "0:01:03"]
[BlackClock "0:00:07"]

1. d4 Nf6 2. Bf4 e6 3. e3 Bd6 4. Bg3 b6 5. Nf3 Bb7 6. Nbd2 Bxg3 7. hxg3 d6 8. Bd3 h6 9. Qe2 a6 10. O-O-O Nbd7 11. e4 b5 12. Kb1 Qb8 13. c3 c5 14. e5 dxe5 15. dxe5 Ng4 16. Be4 h5 17. Bxb7 Qxb7 18. Ne4 Qc7 19. Nd6+ Ke7 20. Ng5 Ndxe5 21. Ndxf7 Nxf7 22. Qxe6+ Kf8 23. Rd7 Qxd7 24. Qxd7 Nxg5 25. Qd5 Re8 26. Qxc5+ Kf7 27. Qxg5 Nf6 28. f3 Re6 29. a3 Rhe8 30. Ka2 Re1 31. Rh4 R1e5 32. Qd2 a5 33. Rf4 a4 34. Qd7+ R8e7 35. Qd6 R5e6 36. Qd5 Kg6 37. Qf5+ Kf7 38. Qxh5+ Kg8 39. Qxb5 Re5 40. Qxa4 R5e6 41. g4 Kf7 42. g5 Rb6 43. gxf6 Reb7 44. fxg7+ Kxg7 45. Qd4+ Kh7 46. Qe4+ Kg8 47. Qe8+ Kg7 48. Rg4+ Kf6 49. Rg6+ Kf5 50. Qe4# 1-0


[Site "https://www.chess.com"]

[Event "Titled Tuesday Blitz April 05 Early 2022"]
[White "De Souza, Cristiano Gomes"]
[Black "nobodyperfect13"]
[WhiteFideId "2151758"]
[WhiteElo "2068"]
[BlackElo "1948"]
[Result "0-1"]
[Round "11"]
[TimeControl "180+1"]
[Date "2022.04.05"]
[WhiteClock "0:00:10"]
[BlackClock "0:00:12"]

1. d4 g6 2. c4 Bg7 3. Nf3 Nf6 4. Nc3 d5 5. Bf4 O-O 6. e3 a6 7. Be2 dxc4 8. Bxc4 b5 9. Bb3 Bb7 10. O-O Nbd7 11. Ne5 c5 12. Nxd7 Nxd7 13. dxc5 Nxc5 14. Bc2 Qb6 15. Qe2 Rfd8 16. Rfd1 Rxd1+ 17. Rxd1 Rd8 18. Rxd8+ Qxd8 19. Qd1 Qxd1+ 20. Nxd1 Na4 21. b3 Nc5 22. f3 e5 23. Bg3 e4 24. Bd6 Nd3 25. Bxd3 exd3 26. Nf2 d2 27. Kf1 a5 28. Ke2 Bc3 29. Nd1 b4 30. a3 Ba6+ 31. Kf2 Bd3 32. axb4 axb4 33. e4 Bc2 34. Ke2 Bxb3 35. Bf4 Bc4+ 36. Kf2 Bd4+ 37. Be3 Bc3 38. g3 f5 39. exf5 gxf5 40. Bc5 Kf7 41. Ke3 Ke6 42. Bd4 Bxd4+ 43. Kxd4 Bb3 44. Ne3 d1=Q+ 45. Nxd1 Bxd1 46. Kc4 b3 47. Kc3 b2 48. Kxb2 Bxf3 49. Kc3 Ke5 50. Kd3 h5 51. Ke3 Bg4 52. Kf2 Ke4 53. Kg2 Bf3+ 54. Kf2 Bg4 55. Kg2 Bd1 56. h3 Ke3 57. h4 Bf3+ 58. Kh3 Kf2 59. g4 fxg4+ 60. Kh2 g3+ 61. Kh3 Bg2# 0-1


[Site "https://www.chess.com"]